AoeStats
← paikujanlp

Arabia

509811859Analyzed
1v1 RM · 5d ago on Sep 28, 2026· 25m 13s· 2 players
Game mode
Random Map
Map size
Tiny (2 player)
Population
200
Speed
Normal
Resources
Standard
Victory
Conquest
Starting age
Dark Age
Ending age
Imperial Age
RankedLock teamsTeams togetherTeam positionsShared explorationLock speedFull tech treeHidden civsTurbo modeCheats
Victory
Defeat
🇦🇷 Britons · Argentina
1010
+15
🇦🇺 Franks · Australia
998
-15
Snappa
5:04 Loom
9:48 Feudal Age
10:40 Double-Bit Axe
21:50 Castle Age
20:14 Fletching
23:49 Pikeman
paikujanlp
7:38 Loom
9:51 Feudal Age
10:21 Man-at-Arms
19:49 Castle Age
19:06 Fletching
21:25 Forging
Connection lost

Rejoining the realm…

Still unreachable

The connection could not be restored.

Session expired

The server has moved on; the page needs a fresh start.